AoeStats
← tbzachary

MegaRandom

506767827Analyzed
1v1 RM · 19d ago on Sep 15, 2026· 48m 21s· 2 players
Game mode
Random Map
Map size
Tiny (2 player)
Population
200
Speed
Normal
Resources
Standard
Victory
Conquest
Starting age
Dark Age
Ending age
Imperial Age
RankedLock teamsTeams togetherTeam positionsShared explorationLock speedFull tech treeHidden civsTurbo modeCheats
Victory
Defeat
🇺🇸 Mongols · United States
717
+16
🇨🇱 Franks · Chile
713
-16
Avero
5:55 Loom
10:41 Feudal Age
11:27 Double-Bit Axe
15:09 Town Watch
22:23 Castle Age
20:30 Gold Mining
21:57 Forging
21:53 Scale Barding Armor
22:35 Fletching
23:15 Stone Mining
24:03 Gold Shaft Mining
28:50 Husbandry
30:24 Bow Saw
33:48 Wheelbarrow
33:13 Town Patrol
35:41 Iron Casting
35:27 Chain Barding Armor
37:35 Town Patrol
40:46 Bodkin Arrow
43:35 Hand Cart
47:34 Imperial Age
45:34 Ballistics
46:26 Padded Archer Armor
47:50 Cavalier
tbzachary
4:46 Loom
10:52 Feudal Age
12:15 Double-Bit Axe
13:59 Horse Collar
19:51 Castle Age
20:49 Wheelbarrow
22:28 Bow Saw
23:32 Fletching
23:42 Padded Archer Armor
24:28 Hand Cart
24:20 Bodkin Arrow
26:02 Scale Barding Armor
26:08 Forging
26:19 Leather Archer Armor
27:07 Chain Barding Armor
27:29 Heavy Plow
28:37 Gold Mining
28:37 Stone Mining
29:52 Iron Casting
35:07 Imperial Age
33:05 Ballistics
33:46 Husbandry
34:35 Bloodlines
36:16 Gold Shaft Mining
35:16 Heavy Camel Rider
38:04 Hand Cart
38:49 Onager
41:58 Drill
43:07 Blast Furnace
43:04 Siege Onager
43:11 Siege Onager
48:16 Elite Mangudai
Connection lost

Rejoining the realm…

Still unreachable

The connection could not be restored.

Session expired

The server has moved on; the page needs a fresh start.